Map: Golden Wall LE

Players

Massa - Winner!

  • Race: Terran Terran
  • League: Platinum
  • Spawn Location: 7:00

Mithrandir

  • Race: Zerg Zerg
  • Spawn Location: 5:00

VOD

Have the link to the VOD?

Description

Time

  • Played on: Sept. 4, 2020, 10:22 a.m.
  • Length: 22:35
Show
View Real Time Build Order
Export as new Build Order

Massa Terran - Winner!

Build Orders: Gas First Reaper Expand 

Get SALT Encoding   

  12  0:00  SCV  
  13  0:13  SCV  
  14  0:20  Supply Depot  
  14  0:25  SCV  
  15  0:31  Refinery  
  15  0:43  Barracks  
  15  0:44  SCV  
  16  0:57  SCV  
  17  1:09  SCV  
  18  1:21  SCV  
  19  1:30  Reaper  
  20  1:35  Command Center  
  20  1:38  SCV  
  21  1:56  Factory  
  21  2:02  Marine  
  21  2:03  Orbital Command  
  22  2:49  Orbital Command  
  22  2:51  Factory Reactor  
  21  3:01  Barracks  
  21  3:02  Barracks Tech Lab  
  21  3:08  Supply Depot  
  21  3:13  Starport  
  21  3:15  Refinery  
  21  3:17  Engineering Bay  
  21  3:20  Engineering Bay  
  21  3:24  Supply Depot  
  21  3:25  SCV  
  22  3:33  Hellion  
  24  3:44  Marine  
  24  3:46  Hellion  
  26  3:52  Marine, Supply Depot  
  26  3:54  SCV  
  28  4:04  Barracks Tech Lab  
  28  4:06  Hellion  
  28  4:07  Hellion  
  32  4:10  Marine  
  32  4:11  SCV x2  
  35  4:17  Viking  
  35  4:23  SCV  
  38  4:26  Stimpack  
  38  4:27  Marauder  
  38  4:28  Marine  
  38  4:30  SCV  
  42  4:35  SCV  
  43  4:39  Hellion  
  43  4:42  SCV, Hellion  
  48  4:47  SCV  
  49  4:54  SCV  
  49  4:59  SCV  
  51  5:01  Hellion  
  51  5:03  Hellion  
  51  5:06  SCV  
  56  5:11  SCV  
  57  5:22  Hellion  
  57  5:33  SCV x2  
  57  5:35  Hellion  
  61  5:42  Supply Depot  
  61  5:43  Barracks Reactor  
  61  5:45  SCV, Supply Depot  
  61  5:46  Refinery  
  62  5:50  Terran Infantry Armor Level 1, Terran Infantry Weapons Level 1  
  62  5:56  Missile Turret  
  62  6:03  SCV x2  
  62  6:04  Hellion, Marauder  
  68  6:07  Supply Depot  
  68  6:09  Widow Mine  
  70  6:13  Combat Shield  
  70  6:15  SCV  
  70  6:16  Missile Turret  
  71  6:18  Starport Tech Lab  
  71  6:22  Barracks  
  71  6:25  Widow Mine, Marauder  
  69  6:33  Marine x2  
  71  6:46  Marauder  
  73  6:47  Widow Mine x2  
  73  6:51  Marine x2  
  79  6:59  Banshee  
  79  7:00  Command Center  
  78  7:13  Marauder  
  71  7:36  Supply Depot  
  71  7:37  Supply Depot  
  71  7:38  Supply Depot  
  71  7:40  Missile Turret  
  71  7:42  Banshee  
  61  8:19  Barracks Tech Lab  
  63  8:20  Marauder  
  63  8:21  Marine x2  
  63  8:24  Hellion x2  
  69  8:28  Starport  
  69  8:34  Armory  
  69  8:39  Banshee, Factory, Marine x2  
  76  8:41  Orbital Command, Marauder  
  76  8:45  Hellion x2  
  80  8:56  Marine  
  80  8:57  Marine  
  80  9:03  Marauder  
  80  9:06  Hellion  
  80  9:07  Hellion  
  84  9:14  Marine  
  84  9:15  Marauder, Marine  
  84  9:16  Concussive Shells  
  90  9:24  Marauder  
  90  9:27  Cloaking Field  
  90  9:28  Hellion  
  90  9:29  Starport Tech Lab  
  92  9:37  Marauder  
  94  9:40  Terran Infantry Armor Level 2, Terran Infantry Weapons Level 2  
  94  9:42  Terran Vehicle Weapons Level 1  
  96  9:45  Marauder  
  96  9:47  Command Center  
  96  9:48  SCV x2  
  98  9:59  Orbital Command  
  98  10:00  SCV x2  
  98  10:03  Sensor Tower  
  98  10:04  Marauder, Marine x2  
  106  10:07  Marauder  
  106  10:11  Factory Tech Lab  
  106  10:12  SCV x2  
  102  10:16  Banshee  
  105  10:21  Marine  
  105  10:22  Marine  
  105  10:24  SCV  
  105  10:25  SCV, Marauder  
  106  10:28  Marauder  
  87  10:36  SCV  
  87  10:37  SCV  
  87  10:39  Marine  
  87  10:41  Siege Tank  
  97  10:42  Hellion  
  97  10:43  Hellion  
  97  10:47  Marauder  
  97  10:49  Marauder  
  101  10:54  Barracks  
  101  11:04  Hellion x2  
  104  11:13  Siege Tank  
  107  11:34  Orbital Command  
  107  11:36  Terran Vehicle And Ship Armor Level 1  
  107  11:45  Siege Tank  
  108  12:08  Marauder x2  
  112  12:09  Barracks Reactor  
  112  12:10  Marine x2  
  114  12:16  Widow Mine x2  
  114  12:17  Siege Tank  
  119  12:28  Marine x2  
  118  12:30  Marauder  
  103  12:38  Widow Mine x2  
  107  12:44  Barracks  
  107  12:46  Marine x2  
  111  12:51  Marauder  
  111  13:03  Marine  
  111  13:04  Marine  
  115  13:13  Marauder  
  98  13:34  Marauder  
  87  13:44  Marine x4  
  87  13:47  Marauder  
  67  13:53  Planetary Fortress  
  67  13:55  Marauder  
  67  14:01  Marine, Liberator x2  
  67  14:02  Marine x3  
  77  14:08  Marauder  
  80  14:10  Widow Mine x2  
  80  14:16  Terran Vehicle And Ship Armor Level 2  
  82  14:17  Marauder  
  82  14:19  Marine  
  82  14:20  Marine x3  
  86  14:24  Refinery  
  86  14:29  SCV  
  86  14:30  Marauder  
  93  14:31  Widow Mine x2  
  93  14:37  Marine x4  
  93  14:38  Marauder  
  99  14:41  SCV  
  99  14:44  Viking x2  
  104  14:46  Command Center  
  104  14:51  Marauder  
  108  14:52  Widow Mine  
  108  14:53  SCV  
  108  14:58  Command Center  
  108  14:59  Marauder  
  107  15:05  SCV  
  108  15:12  Marauder  
  110  15:21  Marauder, Siege Tank  
  112  15:23  Widow Mine x2  
  119  15:30  Refinery  
  119  15:32  Refinery, SCV  
  120  15:36  Refinery  
  120  15:37  Refinery, SCV  
  121  15:44  SCV  
  121  15:49  SCV  
  123  15:56  SCV  
  124  15:58  Siege Tank  
  124  16:01  SCV  
  126  16:07  Planetary Fortress  
  126  16:08  SCV  
  127  16:13  SCV, Planetary Fortress  
  126  16:21  SCV  
  126  16:24  Viking x2  
  129  16:26  SCV  
  129  16:30  Siege Tank  
  133  16:33  SCV  
  133  16:38  SCV  
  135  16:45  SCV  
  136  16:47  Terran Infantry Armor Level 3  
  136  16:50  SCV  
  136  16:53  Barracks x2  
  136  16:54  Viking x2  
  139  16:57  SCV  
  139  16:58  Factory  
  139  16:59  Barracks  
  142  17:02  SCV  
  142  17:06  SCV  
  142  17:07  SCV  
  145  17:09  SCV  
  145  17:14  SCV  
  147  17:15  Refinery  
  147  17:18  SCV  
  147  17:20  SCV  
  149  17:30  SCV  
  149  17:32  SCV  
  145  17:42  SCV  
  145  17:44  SCV  
  147  17:49  Thor  
  153  17:54  SCV  
  153  17:56  Supply Depot x2  
  153  17:57  Supply Depot  
  154  17:59  Supply Depot  
  154  18:00  Supply Depot  
  154  18:01  Supply Depot  
  154  18:04  Supply Depot  
  154  18:05  Supply Depot  
  154  18:06  Supply Depot  
  154  18:08  Supply Depot x2  
  154  18:09  Supply Depot  
  154  18:13  Factory Tech Lab  
  154  18:16  Hyperflight Rotors, Corvid Reactor  
  154  18:18  Widow Mine x2, SCV, Terran Vehicle Weapons Level 2  
  159  18:20  Terran Infantry Weapons Level 3  
  159  18:22  Supply Depot  
  159  18:23  Barracks Tech Lab, Supply Depot  
  159  18:24  Barracks Tech Lab  
  159  18:25  Barracks Reactor  
  159  18:28  Marauder x2, Supply Depot x2  
  159  18:29  Barracks Tech Lab  
  159  18:30  Marine  
  159  18:31  Thor, Supply Depot  
  170  18:39  Widow Mine x2  
  174  18:43  Refinery  
  174  18:49  Marauder  
  174  18:50  Marauder  
  176  19:11  Marauder x2  
  176  19:14  Thor  
  175  19:31  Medivac x2  
  154  19:54  Marauder x5, Marine  
  154  19:55  Marine x3  
  154  19:57  Thor  
  159  20:00  Medivac  
  159  20:01  Medivac  
  159  20:02  Thor  
  163  20:12  Marine  
  163  20:13  Marine x3  
  165  20:15  Marauder  
  165  20:16  Marauder x4  
  165  20:19  Refinery  
  173  20:23  Refinery  
  173  20:30  Marine x4, Medivac  
  173  20:33  Infernal Pre-Igniter  
  179  20:37  Marauder x5  
  189  20:48  Marine  
  190  20:58  Marauder  
  190  20:59  Marauder x4  
  200  21:07  Hi-Sec Auto Tracking  
Show
View Real Time Build Order
Export as new Build Order

Mithrandir Zerg 

Build Orders: Hatch First 

Get SALT Encoding   

  12  0:00  Drone  
  13  0:12  Overlord  
  13  0:17  Drone  
  14  0:30  Drone x2  
  16  0:50  Hatchery  
  16  0:52  Drone  
  16  0:56  Drone  
  17  0:59  Drone  
  17  1:03  Extractor  
  17  1:16  Spawning Pool  
  16  1:19  Drone  
  16  1:24  Drone  
  18  1:28  Drone  
  19  1:39  Drone  
  20  1:49  Drone  
  21  2:03  Queen x2  
  21  2:04  Zergling x4  
  27  2:20  Hatchery  
  26  2:33  Overlord  
  26  2:34  Drone  
  26  2:35  Drone  
  27  2:54  Drone  
  27  2:55  Drone x4  
  32  2:59  Overlord  
  32  3:06  Metabolic Boost  
  32  3:10  Lair  
  32  3:19  Drone x3  
  35  3:27  Overlord  
  35  3:33  Drone x3  
  38  3:49  Zergling x12  
  38  3:53  Baneling Nest  
  43  3:58  Queen  
  43  4:10  Roach Warren  
  43  4:13  Drone  
  43  4:14  Drone, Overlord  
  43  4:15  Overlord  
  44  4:18  Overlord  
  44  4:21  Drone  
  44  4:22  Drone x2, Extractor  
  46  4:25  Extractor  
  46  4:26  Extractor  
  46  4:28  Overlord  
  44  4:39  Queen  
  44  4:40  Queen  
  48  4:51  Glial Reconstitution  
  48  4:57  Drone  
  48  4:58  Drone x5  
  54  5:06  Zergling x6  
  57  5:07  Zergling x2  
  53  5:35  Spine Crawler  
  53  5:37  Roach x7  
  53  5:42  Baneling x7  
  66  5:53  Spire  
  66  5:56  Centrifical Hooks  
  65  6:03  Drone  
  67  6:04  Drone x2  
  67  6:10  Overseer  
  67  6:31  Overlord x3  
  67  6:44  Ravager x4  
  67  6:45  Ravager x3  
  73  6:47  Zergling x2  
  73  6:48  Overlord x3  
  73  6:51  Drone  
  73  6:52  Drone x4  
  57  7:28  Roach  
  57  7:29  Roach x12  
  80  7:36  Hydralisk Den  
  79  7:45  Evolution Chamber  
  79  7:46  Evolution Chamber  
  77  8:02  Overseer  
  71  8:13  Overseer  
  71  8:18  Roach x8  
  71  8:19  Roach x5  
  97  8:25  Zerg Missile Weapons Level 1  
  97  8:28  Drone x4  
  97  8:32  Grooved Spines  
  101  8:54  Overlord x3  
  101  8:56  Hydralisk x4  
  101  9:02  Roach x2  
  104  9:18  Ravager  
  104  9:19  Ravager  
  102  9:25  Hydralisk  
  102  9:26  Hatchery, Hydralisk x4  
  111  9:33  Hydralisk  
  111  9:34  Hydralisk  
  115  9:48  Hydralisk x3  
  115  9:51  Drone x2  
  115  9:52  Drone  
  124  10:20  Overlord x3  
  124  10:21  Hydralisk x3  
  124  10:22  Roach x2  
  114  10:36  Ravager  
  114  10:37  Ravager x2  
  117  10:44  Muscular Augments  
  117  10:46  Zerg Ground Armor Level 1  
  117  10:47  Zerg Missile Weapons Level 2  
  117  10:49  Drone  
  118  10:50  Drone x6  
  124  11:12  Ravager  
  124  11:18  Roach x10  
  145  11:27  Drone  
  145  11:28  Drone x4  
  146  12:14  Hydralisk Den  
  95  12:39  Hydralisk  
  95  12:40  Hydralisk x16  
  127  12:44  Overlord x3  
  127  12:57  Zergling x2  
  127  12:58  Zergling x38  
  146  13:04  Ravager x2  
  114  13:47  Roach x2  
  114  13:48  Roach x17  
  125  14:09  Hydralisk  
  123  14:10  Hydralisk x4  
  123  14:14  Overseer  
  133  14:22  Queen  
  135  14:37  Ravager  
  135  14:38  Ravager x4  
  140  14:43  Drone  
  140  14:44  Drone x2  
  129  15:18  Mutalisk x4  
  137  15:25  Extractor  
  137  15:26  Extractor  
  135  15:30  Extractor  
  134  15:55  Zerg Ground Armor Level 2, Infestation Pit  
  133  15:58  Zergling x8  
  133  15:59  Zergling x46  
  158  16:06  Ravager  
  158  16:07  Ravager  
  153  16:40  Pathogen Glands  
  153  16:43  Infestor  
  152  16:58  Baneling x11  
  152  16:59  Baneling x2  
  150  17:04  Queen  
  107  17:52  Swarm Host x2  
  107  17:58  Burrow  
  140  18:16  Zergling x10  
  140  18:17  Zergling x22  
  156  18:25  Zerg Melee Weapons Level 1  
  156  18:32  Ravager  
  157  18:35  Ravager  
  157  18:36  Ravager  
  156  18:45  Overlord x5  
  149  19:00  Overlord x3  
  130  19:18  Roach  
  130  19:19  Roach x23  
  130  19:20  Roach  
  134  20:06  Overlord x4  
  131  20:15  Overseer  
  131  20:17  Lair  
  131  20:18  Infestor  
  131  20:19  Infestor  
  119  20:41  Roach x7  
  126  20:52  Hatchery  
  111  21:16  Roach  
  111  21:17  Zergling x6, Roach x5  
  111  21:18  Zergling x12  
  132  21:37  Zergling x2  
  132  21:38  Zergling x8  
Tags
 
Add a new tag
Caveats
  • Supply blocks, unpowered buildings, or Contaminate may cause inaccurate times.
  • Supply counts are checked every 10 seconds.